 Dungeon Crawl Stone Soup version 0.32-a0-705-g60f233581c (webtiles) character file.

Game seed: 18292080633033118001

51 BeKind the Chiller (level 3, 0/21 HPs)
             Began as an Octopode Ice Elementalist on Mar 14, 2024.
             Killed by nerve-wracking pain
             ... invoked by Jessica
              (14 damage)
             ... on level 2 of the Dungeon.
             The game lasted 00:01:11 (1142 turns).

BeKind the Chiller (Octopode Ice Elementalist)      Turns: 1142, Time: 00:01:13

Health: 0/21       AC:  1    Str:  7    XL:     3   Next: 83%
Magic:  6/6        EV: 12    Int: 19    God:
Gold:   36         SH:  0    Dex: 12    Spells: 3/7 levels left

rFire   . . .        b - +0 dagger
rCold   . . .        (no shield)
rNeg    . . .        (helmet restricted)
rPois   .            (no amulet)
rElec   .            (no ring)
rCorr   .            (no ring)
SInv    .            (no ring)
Will    .....        (no ring)
Stlth   +++          (no ring)
HPRegen 0.23/turn    (no ring)
MPRegen 0.10/turn    (no ring)
                     (no ring)

%: no passive effects
@: no status effects
A: almost no armour, amphibious, 8 rings, camouflage 1, gelatinous body 1,
(nimble swimmer 1), tentacles
a: no special abilities


You were on level 2 of the Dungeon.
You visited 1 branch of the dungeon, and saw 2 of its levels.

You collected 36 gold pieces.

Inventory:

Hand Weapons
 b - a +0 dagger (weapon)
Jewellery
 d - a +4 ring of slaying
Scrolls
 e - a scroll of amnesia {unknown}
Potions
 a - a potion of magic
 c - a potion of lignification {unknown}
 f - a potion of invisibility {unknown}


   Skills:
 + Level 2.7 Dodging
 - Level 3.0 Stealth
 + Level 2.6 Spellcasting
 + Level 0.3 Summonings
 + Level 4.4 Ice Magic


You had 3 spell levels left.
You knew the following spells:

 Your Spells              Type           Power      Damage    Failure   Level
a - Freeze                Ice            76%        1d8       2%          1
b - Summon Ice Beast      Ice/Summ       11%        N/A       19%         3

Your spell library contained the following spells:

 Spells                   Type           Power      Damage    Failure   Level
 Frozen Ramparts          Ice            38%        1d6       8%          3
 Ozocubu's Armour         Ice            19%        N/A       8%          3
 Summon Mana Viper        Hex/Summ       3%         N/A       99%         5
 Monstrous Menagerie      Summ           1%         N/A       100%        7


Dungeon Overview and Level Annotations

Branches:
Dungeon (2/15)

Altars:

Annotations:
D:2 Jessica


Innate Abilities, Weirdness & Mutations

You cannot wear most types of armour.
You are amphibious.
You can wear up to eight rings at the same time.
Your skin changes colour to match your surroundings (Stealth+).
Your rubbery body absorbs attacks. (AC +1, EV +1)
((You are camouflaged when in or above water. (Stealth+)))
You have tentacles for arms and can constrict up to eight enemies at once.


Message History

An adder is nearby!
You hit the adder. Your grab misses the adder.
The adder is lightly wounded.
The adder misses you.
An adder is nearby!
You hit the adder. Your grab misses the adder.
The adder is heavily wounded.
The adder misses you. The adder bites you.
An adder is nearby!
You hit the adder. Your grab misses the adder.
The adder is severely wounded.
The adder barely misses you.
An adder is nearby!
You closely miss the adder. You grab the adder.
The adder is severely wounded.
You constrict the adder. The adder bites you.
An adder is nearby!
You hit the adder.
You kill the adder!
You see here an adder corpse.
You open the door.
There is an open door here.
Key pressed, stopping explore.
No target in view!
There is a stone staircase leading up here.
Jessica the Apprentice Sorceress comes into view.
She is wielding a +0 dagger and wearing a +1 robe of willpower.
Jessica is nearby!
Jessica shouts!
Jessica hits you with a +0 dagger.
Jessica is nearby!
You closely miss Jessica. You grab Jessica.
You squeeze Jessica, but do no damage. You constrict Jessica.
Jessica hits you with a +0 dagger.
You hit Jessica. You squeeze Jessica.
Jessica is severely wounded.
You constrict Jessica.
Jessica points at you and mumbles some strange words.
Pain shoots through your body!
Ouch! That really hurt!
You die...

..#.#.######......#
#.#.#......<...####
..##########...#
### #...#
############...###
...........).....#
########..######.#
#.......#.####
#.###.##.@...# #.#
##@....# #.#
#.....# ... ##.####
..# #.# ..# #.# #.#
#.#


You could see Jessica.

Vanquished Creatures
  2 adders
  2 ribbon worms (D:2)
  2 ball pythons
  2 bats
  3 endoplasms (D:1)
  A goblin (D:1)
  3 hobgoblins
  5 kobolds
  3 quokkas
  2 frilled lizards
  A rat (D:1)
26 creatures vanquished.

Notes
Turn   | Place    | Note
-------+----------+-------------------------------------------
     0 | D:1      | BeKind the Octopode Ice Elementalist began the quest for
                  | the Orb.
     0 | D:1      | Reached XP level 1. HP: 11/11 MP: 3/3
   184 | D:1      | Reached XP level 2. HP: 17/17 MP: 5/5
   893 | D:1      | Reached XP level 3. HP: 17/21 MP: 6/6
   897 | D:1      | Learned a level 3 spell: Summon Ice Beast
  1138 | D:2      | Noticed Jessica
  1142 | D:2      | Killed from afar by Jessica

Illustrated notes

Levels and vault maps discovered:
D:1:      lightli_arrival_flooded_house, layout_loops_ring
D:2:      layout_basic, minmay_pentomino_u4, uniq_jessica

Skill      XL: |  1 |
---------------+----+-----
Stealth        | 3 |  3.0
Dodging        | |  2.7
Spellcasting   | |  2.6
Summonings     | |  0.3
Ice Magic      | |  4.4

Action                     || total
---------------------------++-------
  Melee: Dagger            ||    46
         Constrict         ||    19
         Unarmed           ||     4
         Tentacles         ||    11
   Cast: Freeze            ||     3
         Summon Ice Beast  ||     1
   Stab: Sleeping          ||     4
         Distracted        ||     1
 Armour: Skin              ||    23
  Dodge: Dodged            ||    32

Table legend: (Time is in decaauts)
 A = Elapsed time spent in this place.
 B = Non-inter-level travel time spent in this place.
 C = Inter-level travel time spent in this place.
 D = Time resting spent in this place.
 E = Time spent auto-exploring this place.
 F = Levels seen in this place.
 G = Mean time per level.
                   A        B        C        D        E       F      G
               +--------+--------+--------+--------+--------+-----+--------+
         Total |   1142 |   1102 |     40 |      0 |    931 |   2 |  571.0 |
       Dungeon |   1142 |   1102 |     40 |      0 |    931 |   2 |  571.0 |
               +--------+--------+--------+--------+--------+-----+--------+

Top non-repeatable levels by time:
     D:1: 882 daAuts
     D:2: 260 daAuts
